 Dungeon Crawl Stone Soup version 0.29.1-2-gbd0b4ee654 (webtiles) character file.

Game seed: 13730234423559567388

275 hawla the Magician (level 6, 0/46 HPs)
             Began as a Meteoran Fire Elementalist on Nov 8, 2022.
             Slain by an iguana (11 damage)
             ... on level 5 of the Dungeon.
             The game lasted 00:07:30 (1383 turns).

hawla the Magician (Meteoran Fire Elementalist)     Turns: 1383, Time: 00:07:30

Health: 0/46       AC:  3    Str: 10    XL:     6   Next: 80%
Magic:  11/15      EV: 17    Int: 19    God:
Gold:   185        SH:  0    Dex: 14    Spells: 13/16 levels left

rFire   . . .      SeeInvis .   h - +2 long sword (elec)
rCold   . . .      Faith    .   (no shield)
rNeg    . . .      Spirit   .   a - +0 robe
rPois   .          Reflect  .   e - +0 helmet
rElec   .          Harm     .   (no cloak)
rCorr   .          Rampage  .   (no gloves)
Will    .....                   (no boots)
Stlth   +.........              (no amulet)
HPRegen 0.15/turn               c - +4 ring of evasion
MPRegen 0.14/turn               (no ring)

@: confused, lethally poisoned (0 -> -2), ambrosia-drunk, glowing
A: sense surroundings 1, otherworldly, glowing, explore regen
a: no special abilities


You were on level 5 of the Dungeon.
You visited 1 branch of the dungeon, and saw 5 of its levels.

You collected 185 gold pieces.

Inventory:

Hand Weapons
 h - a +2 long sword of electrocution (weapon)
 l - a +4 dagger
Armour
 a - a +0 robe (worn)
 e - a +0 helmet (worn)
Jewellery
 c - a +4 ring of evasion (left hand)
 g - an amulet of regeneration
Potions
 d - a potion of cancellation
 j - a potion of ambrosia


   Skills:
 + Level 0.6 Fighting
 + Level 0.7 Long Blades
 + Level 3.0 Dodging
 - Level 1.4 Stealth
 + Level 5.8 Spellcasting
 + Level 1.8 Conjurations
 + Level 5.5 Fire Magic


You had 13 spell levels left.
You knew the following spells:

 Your Spells              Type           Power      Damage    Failure   Level
a - Foxfire               Conj/Fire      76%        2x1d7     2%          1
b - Scorch                Fire           52%        2d8       1%          2

Your spell library contained the following spells:

 Spells                   Type           Power      Damage    Failure   Level
 Conjure Flame            Conj/Fire      19%        6-21      8%          3
 Inner Flame              Hex/Fire       16%        N/A       11%         3
 Sandblast                Erth           10%        2d5       12%         1
 Blink                    Tloc           10%        N/A       17%         2
 Passwall                 Tmut/Erth      4%         N/A       17%         2
 Stone Arrow              Conj/Erth      18%        3d8       24%         3
 Flame Wave               Conj/Fire      19%        2d7       24%         4
 Lesser Beckoning         Tloc           5%         N/A       34%         3
 Summon Guardian Golem    Hex/Summ       5%         N/A       34%         3
 Manifold Assault         Tloc           5%         N/A       97%         5
 Orb of Destruction       Conj           6%         9d6       100%        7
 Spellforged Servitor     Conj/Summ      4%         N/A       100%        7


Dungeon Overview and Level Annotations

Branches:
Dungeon (5/15) Zot: 1607
 Temple: D:4-7

Altars:
Dithmenos
Gozag
Ru
Uskayaw

Annotations:
D:4 Eustachio


Innate Abilities, Weirdness & Mutations

You passively map a small area around you.
You are easily found by Zot.
You glow in the dark.
You regain HP and MP as you explore.


Message History

The quokka attacks as you move away! The quokka bites you.
You feel sick. The adder misses you. The iguana bites you.
The adder attacks as you move away! The adder bites you.
You feel sick.
The adder is no longer more vulnerable to fire.
The iguana bites you!
* * * LOW HITPOINT WARNING * * *
The adder bites you but does no damage. The quokka misses you.
The iguana attacks as you move away! The iguana barely misses you.
You feel sick.
You are no longer poisoned.
There is a stone staircase leading down here.
The adder closely misses you. The iguana misses you.
You climb downwards.
There is a stone staircase leading up here.
Casting: Scorch (safe; 1% risk of failure)
Confirm with . or Enter, or press ? or * to list all spells.
Flames lash the iguana.
The iguana is lightly wounded.
The iguana's fire resistance burns away.
You hear a shout!
The adder bites you.
You are poisoned.
The adder poisons you! The iguana bites you!
* * * LOW HITPOINT WARNING * * *
The adder bites you but does no damage.
Okay, then.
Okay, then.
Casting: Scorch (safe; 1% risk of failure)
Confirm with . or Enter, or press ? or * to list all spells.
Flames lash the iguana.
The iguana is burned terribly!
The iguana is heavily wounded.
You feel sick. The iguana closely misses you.
The adder bites you but does no damage.
Unknown command.
You are confused.
You feel invigorated.
You feel sick. The adder closely misses you. The iguana bites you.
* * * LOW HITPOINT WARNING * * *
You feel sick. The iguana bites you!
You die...

, .. ##*##,
#. .... , *
#. .#., #.
*.. , *
#.##.#* ,
######....#
, .........#
, ,
.......S@# ,
........l#*
,
..........#,
...####.#.#
* .# #.#..*
, * *
#.##..,
#.#*#.., , ,
* ... ... ,
, ,


You could see an iguana (combustible) and an adder.

Vanquished Creatures
  A phantom (D:3)
  2 orc priests (D:3)
  Natasha (D:3)
  An orc wizard (D:3)
  A worm (D:3)
  3 dart slugs
  An orc (D:3)
  7 ball pythons
  2 bats (D:3)
  3 endoplasms
  15 giant cockroaches
  6 goblins
  5 hobgoblins (D:1)
  6 jackals (D:1)
  6 kobolds
  4 quokkas
  4 frilled lizards
  4 rats
72 creatures vanquished.

Vanquished Creatures (others)
  90 foxfires
90 creatures vanquished.

Grand Total: 162 creatures vanquished

Notes
Turn   | Place    | Note
-------+----------+-------------------------------------------
     0 | D:1      | hawla the Meteoran Fire Elementalist began the quest for
                  | the Orb.
     0 | D:1      | Reached XP level 1. HP: 14/14 MP: 5/5
    89 | D:1      | Reached XP level 2. HP: 19/20 MP: 2/6
    93 | D:1      | Learned a level 2 spell: Scorch
   177 | D:1      | Reached XP level 3. HP: 20/26 MP: 2/8
   479 | D:2      | You fall into a shaft and drop 1 floor!
   479 | D:3      | Found an opulent altar of Gozag.
   604 | D:2      | Reached XP level 4. HP: 33/33 MP: 7/10
   614 | D:2      | Found an opulent altar of Gozag.
   762 | D:3      | Found a hide-covered altar of Uskayaw.
   762 | D:3      | Noticed a +0 spear
   762 | D:3      | Noticed a +0 spear
   762 | D:3      | Noticed a +0 short sword
   764 | D:3      | Noticed a +0 falchion
   764 | D:3      | Noticed a +0 dagger
   765 | D:3      | Noticed a +0 falchion
   766 | D:3      | Noticed a +0 dagger
   767 | D:3      | Noticed a +0 short sword
   846 | D:3      | Found a faded altar of an unknown god.
   901 | D:3      | Noticed Natasha
   905 | D:3      | Killed Natasha
   906 | D:3      | Reached skill level 5 in Fire Magic
   906 | D:3      | Reached XP level 5. HP: 33/39 MP: 9/12
   913 | D:3      | Found a shadowy altar of Dithmenos.
  1189 | D:3      | Reached XP level 6. HP: 40/46 MP: 5/14
  1204 | D:3      | Found a sacrificial altar of Ru.
  1212 | D:3      | Reached skill level 5 in Spellcasting
  1335 | D:4      | Noticed Eustachio
  1353 | D:4      | Noticed a black bear
  1379 | D:5      | Entered Level 5 of the Dungeon
  1383 | D:5      | Slain by an iguana

Illustrated notes

Levels and vault maps discovered:
D:1:      dpeg_arrival_pond, layout_rooms
D:2:      layout_basic, basic_altar
D:3:      minmay_roachtagon, layout_loops_ring,
          nicolae_ru_great_annihilating_truth, grunt_gozag_statues,
          mainiacjoe_overflow_brackets, nicolae_uskayaw_en_pointe,
          chequers_ecumenical_altar_simple_redux, uniq_natasha
D:4:      layout_rooms, mainiacjoe_overflow_chevrons, minmay_mini_jars,
          uniq_eustachio
D:5:      layout_rooms, uniq_ijyb

Skill      XL: |  1  2  3  4  5  6 |
---------------+-------------------+-----
Fire Magic     | 4 5 |  5.5
Spellcasting   | 3 4 5 |  5.8
Dodging        | 3 |  3.0
Fighting       | |  0.6
Long Blades    | |  0.7
Stealth        | |  1.4
Conjurations   | |  1.8

Action                   |  1- 3 |  4- 6 || total
-------------------------+-------+-------++-------
Melee: Unarmed           |    11 |    16 ||    27
       Long sword        |       |     8 ||     8
 Cast: Foxfire           |    34 |    22 ||    56
       Scorch            |    16 |    35 ||    51
  Use: Potion            |     2 |     2 ||     4
       Scroll            |     1 |     4 ||     5
Armor: Robe              |    12 |    16 ||    28
Dodge: Dodged            |    48 |    71 ||   119
